 Dungeon Crawl Stone Soup version 0.24-a0-250-g6074511 (webtiles) character file.

Game seed: 3343568103735149650

15617 Hasart the Slicer (level 12, 0/77 HPs)
             Began as a Kobold Gladiator on Apr 14, 2019.
             Was an Initiate of Ru.
             Slain by an entropy weaver (5 damage)
             ... on level 3 of the Lair of Beasts.
             The game lasted 00:29:27 (14521 turns).

Hasart the Slicer (Kobold Gladiator)               Turns: 14521, Time: 00:29:28

Health: 0/77       AC:  4    Str: 15    XL:     12   Next: 59%
Magic:  0/16       EV: 26    Int:  9    God:    Ru [......]
Gold:   867        SH:  0    Dex: 18    Spells: 11/11 levels left

rFire    + + .     SeeInvis .   t - +2 dagger (venom)
rCold    + . .     Gourm    .   (shield restricted)
rNeg     . . .     Faith    .   N - +2 leather armour {rF+}
rPois    +         Spirit   +   (helmet restricted)
rElec    .         Reflect  .   y - +0 cloak
rCorr    .         Harm     .   A - +1 pair of gloves
MR       .....                  (no boots)
Stlth    +++++.....             C - amulet of guardian spirit
HPRegen  0.22/turn              e - ring of protection from fire
MPRegen  0.15/turn              l - +3 ring of evasion

@: corroded
A: small, horns 1, carnivore, cold resistance 1, poison resistance
a: Renounce Religion


You were on level 3 of the Lair of Beasts.
You worshipped Ru.
Ru was noncommittal.
You were very full.

You visited 3 branches of the dungeon, and saw 14 of its levels.

You collected 867 gold pieces.

Inventory:

Hand Weapons
 a - a +0 rapier
 t - a +2 dagger of venom (weapon)
Missiles
 d - 4 throwing nets (quivered)
Armour
 c - a +0 helmet
 y - a +0 cloak (worn)
 A - a +1 pair of gloves (worn)
 N - a +2 leather armour of fire resistance (worn)
Jewellery
 e - a ring of protection from fire (left hand)
 k - a +2 amulet of reflection
 l - a +3 ring of evasion (right hand)
 v - an uncursed ring of resist corrosion
 C - an amulet of guardian spirit (around neck)
Wands
 b - a wand of digging (6)
 q - a wand of paralysis (3)
 F - a wand of flame (9)
 I - a wand of enslavement (5)
 J - a wand of polymorph (10)
Scrolls
 g - 13 scrolls of identify {unknown}
 h - 5 scrolls of immolation {unknown}
 n - 5 scrolls of remove curse
 o - 7 scrolls of teleportation {unknown}
 p - 2 scrolls of fear {unknown}
 w - 5 scrolls of enchant weapon {unknown}
 D - 2 scrolls of magic mapping {unknown}
 E - a scroll of enchant armour {unknown}
 H - a scroll of noise {unknown}
 K - 2 scrolls of amnesia {unknown}
 L - 2 scrolls of blinking {unknown}
 M - 3 scrolls of vulnerability {unknown}
 P - a scroll of acquirement {unknown}
Potions
 i - 3 potions of heal wounds {unknown}
 j - a potion of might {unknown}
 m - 2 potions of degeneration {unknown}
 r - 4 potions of agility {unknown}
 u - 4 potions of curing
 x - a potion of resistance {unknown}
 z - 2 potions of brilliance {unknown}
 B - a potion of flight {unknown}
 G - a potion of haste {unknown}
 O - a potion of invisibility {unknown}
Comestibles
 f - 33 rations


   Skills:
 + Level 10.3 Fighting
 - Level 14.0 Short Blades
 - Level 2.1 Throwing
 + Level 11.3 Dodging
 + Level 12.6 Stealth
 + Level 5.7 Evocations


You had 11 spell levels left.
You didn't know any spells.
Your spell library contained the following spells:

 Spells                   Type           Power        Failure   Level  Hunger
 Confusing Touch          Hex            #.....       45%         1    ##.....
 Infusion                 Chrm           #...         45%         1    ##.....
 Shock                    Conj/Air       #...         45%         1    ##.....
 Summon Small Mammal      Summ           #...         45%         1    ##.....
 Call Imp                 Summ           #.......     58%         2    ###....
 Shroud of Golubria       Chrm/Tloc      #.........   58%         2    ###....
 Song of Slaying          Chrm           #.......     58%         2    ###....
 Swiftness                Chrm/Air       #.......     58%         2    ###....
 Call Canine Familiar     Summ           #.......     83%         3    ####...
 Confuse                  Hex            #.......     83%         3    ####...
 Gell's Gravitas          Tloc           #.........   83%         3    ####...
 Regeneration             Chrm/Necr      #.........   83%         3    ####...
 Spectral Weapon          Hex/Chrm       #.......     83%         3    ####...
 Static Discharge         Conj/Air       #.......     83%         3    ####...
 Summon Guardian Golem    Hex/Summ       #.......     83%         3    ####...
 Airstrike                Air            #.........   99%         4    #####..
 Petrify                  Tmut/Erth      #.......     99%         4    #####..
 Summon Ice Beast         Ice/Summ       #.......     99%         4    #####..
 Summon Lightning Spire   Summ/Air       #.......     99%         4    #####..
 Lightning Bolt           Conj/Air       #.........   100%        5    ######.
 Metabolic Englaciation   Hex/Ice        #.........   100%        5    ######.
 Yara's Violent Unravell  Hex/Tmut       #.........   100%        5    ######.


Dungeon Overview and Level Annotations

Branches:
Dungeon (10/15)            Temple (1/1) D:4            Lair (3/6) D:8
    Orc (0/2) D:9
  Swamp: Lair:2-4    Shoals: Lair:2-4     Snake: Lair:2-4    Spider: Lair:2-4

Altars:
Ashenzari
Cheibriados
Dithmenos
Elyvilon
Fedhas
Gozag
Hepliaklqana
Kikubaaqudgha
Makhleb
Nemelex Xobeh
Okawaru
Qazlal
Ru
Sif Muna
Trog
Uskayaw
Vehumet
Wu Jian
Xom
Yredelemnul
Zin
The Shining One

Shops:
D:6 [

Annotations:
D:7 2 transporters, DEFE's ghost, novice OpAE


Innate Abilities, Weirdness & Mutations

You are small and have problems with some larger weapons.
You are carnivorous and can eat meat at any time.
You have a pair of small horns on your head.
Your flesh is cold resistant. (rC+)
Your system is resistant to poisons. (rPois)


Message History

Unknown command.
Evoke which item? (* to show all) (? for menu, Esc to quit)
Aiming: Throw Flame
Press: ? - help, Shift-Dir - straight line, f/p - entropy weaver
Aim: an entropy weaver (heavily wounded, poisoned)
The puff of flame hits the entropy weaver but does no damage.
The entropy weaver is heavily wounded.
The entropy weaver hits you.
* * * LOW HITPOINT WARNING * * *
The entropy weaver hits you!
* * * LOW HITPOINT WARNING * * *
The entropy weaver closely misses you. x2
Unknown command.
Unknown command.
Unknown command.
You hit the entropy weaver but do no damage.
You headbutt the entropy weaver, but do no damage.
The entropy weaver is heavily wounded.
The entropy weaver hits you!
You die...

. .............
......................
.....P...............
..P.##...........).. .
#....#..............
..###...................
......... ♣...........
#..P.a# #...........
#PP.@# #♣..........
..##P..#####...........
.........#.#.#.♣........
#######.................
#..###......♣.....
#####.###.#......# ###
##########


You could see an entropy weaver.

Vanquished Creatures
  A hydra (Lair:1)
  A two-headed ogre (D:9)
  4 spiny frogs
  3 komodo dragons
  5 hippogriffs
  2 hornets
  8 yaks
  2 wyverns
  A wraith (D:6)
  Eustachio (D:5)
  A steam dragon (D:9)
  A swamp worm (Lair:2)
  5 porcupines
  A water moccasin (Lair:3)
  5 orc warriors
  4 sky beasts
  A black bear (D:9)
  A phantom (D:10)
  8 ogres
  4 centaurs (D:6)
  39 wolves
  3 crocodiles
  15 bullfrogs
  3 scorpions
  A water moccasin skeleton (D:8)
  4 killer bees (D:8)
  4 wights (D:9)
  2 howler monkeys
  4 crimson imps
  Crazy Yiuf (D:3)
  A centaur skeleton (D:6)
  7 orc priests
  4 hounds
  4 jellies
  11 orc wizards
  Jessica (D:2)
  6 worker ants
  2 hound skeletons
  A worker ant zombie (D:5)
  7 adders
  6 shadow imps
  An ooze (D:3)
  3 adder skeletons
  A worm (D:3)
  3 dart slugs
  8 leopard geckos
  55 orcs
  13 bats
  5 giant cockroaches
  8 goblins
  10 hobgoblins
  4 jackals (D:5)
  4 quokkas
  8 frilled lizards
  4 kobolds
  5 rats
317 creatures vanquished.

Vanquished Creatures (collateral kills)
  3 wolves (Lair:3)
3 creatures vanquished.

Vanquished Creatures (others)
  A komodo dragon (Lair:3)
  A water moccasin (Lair:2)
  A wolf (Lair:3)
  3 fungi
  7 plants
13 creatures vanquished.

Grand Total: 333 creatures vanquished

Notes
Turn   | Place    | Note
-------+----------+-------------------------------------------
     0 | D:1      | Hasart the Kobold Gladiator began the quest for the Orb.
     0 | D:1      | Reached XP level 1. HP: 12/12 MP: 1/1
    76 | D:1      | Reached XP level 2. HP: 16/18 MP: 2/2
   189 | D:1      | Reached skill level 1 in Stealth
   681 | D:1      | Reached XP level 3. HP: 22/22 MP: 3/3
  1255 | D:2      | Noticed Jessica
  1263 | D:2      | Killed Jessica
  1263 | D:2      | Reached skill level 5 in Short Blades
  1263 | D:2      | Reached XP level 4. HP: 26/27 MP: 4/4
  2290 | D:3      | Reached XP level 5. HP: 32/32 MP: 5/5
  2686 | D:3      | Found a blossoming altar of Fedhas.
  2804 | D:3      | Found a runed translucent door.
  2805 | D:3      | Noticed Crazy Yiuf
  2817 | D:3      | Killed Crazy Yiuf
  2909 | D:4      | Reached skill level 6 in Short Blades
  2909 | D:4      | Reached XP level 6. HP: 36/37 MP: 6/6
  3233 | D:4      | Found a radiant altar of Vehumet.
  3350 | D:4      | Reached skill level 5 in Dodging
  3688 | D:5      | Entered Level 5 of the Dungeon
  3688 | D:5      | Noticed a sky beast
  3691 | D:5      | Killed a sky beast
  3691 | D:5      | Reached skill level 7 in Short Blades
  3691 | D:5      | Reached XP level 7. HP: 43/43 MP: 7/7
  4348 | D:5      | Noticed Eustachio
  4359 | D:5      | Killed Eustachio
  4359 | D:5      | Reached skill level 8 in Short Blades
  4359 | D:5      | Reached skill level 5 in Stealth
  4359 | D:5      | Reached XP level 8. HP: 48/48 MP: 8/8
  4743 | D:6      | Found Laringo's Armour Boutique.
  4810 | D:6      | Reached skill level 5 in Fighting
  4887 | D:6      | Reached skill level 9 in Short Blades
  5052 | D:6      | Reached XP level 9. HP: 54/54 MP: 9/9
  5526 | D:6      | Reached skill level 10 in Short Blades
  5957 | D:7      | Found a transporter.
  5958 | D:7      | Noticed DEFE's ghost (novice OpAE)
  5961 | D:7      | Noticed an eight-headed hydra
  5962 | D:7      | Noticed a moth of wrath
  6397 | D:7      | Noticed a hornet
  6409 | D:7      | Killed a hornet
  6779 | D:7      | Reached skill level 11 in Short Blades
  6894 | D:7      | Found a transporter.
  7244 | D:8      | Found a sparkling altar of Nemelex Xobeh.
  7271 | D:8      | Reached XP level 10. HP: 61/61 MP: 10/10
  7522 | D:8      | Found a staircase to the Lair.
  7892 | D:4      | Found a staircase to the Ecumenical Temple.
  7898 | Temple   | Entered the Ecumenical Temple
  7961 | Temple   | Became a worshipper of Ru the Awakened
  8169 | D:9      | Reached skill level 12 in Short Blades
  8563 | D:9      | Found a staircase to the Orcish Mines.
  9295 | D:9      | Noticed a two-headed ogre
  9329 | D:9      | Killed a two-headed ogre
  9536 | D:9      | Reached skill level 13 in Short Blades
  9694 | D:9      | Reached XP level 11. HP: 62/68 MP: 9/11
  9857 | D:10     | Entered Level 10 of the Dungeon
  9994 | D:9      | Reached skill level 10 in Stealth
 10369 | Lair:1   | Entered Level 1 of the Lair of Beasts
 10931 | Lair:1   | Found the +2 hat of the Bear Spirit {Spirit, +Rage rN+
                  | MR++}
 10987 | Lair:1   | Reached skill level 14 in Short Blades
 11323 | Lair:1   | Noticed a seven-headed hydra
 11333 | Lair:1   | Killed a seven-headed hydra
 11333 | Lair:1   | Reached skill level 10 in Dodging
 11333 | Lair:1   | Reached skill level 1 in Evocations
 11939 | Lair:2   | Noticed a death yak
 11945 | Lair:2   | Noticed a death yak
 11945 | Lair:2   | Noticed a death yak
 11949 | Lair:2   | Noticed a death yak
 12465 | Lair:2   | Reached XP level 12. HP: 63/76 MP: 12/14
 13974 | Lair:3   | Reached skill level 10 in Fighting
 13988 | Lair:3   | Reached skill level 5 in Evocations
 14088 | Lair:3   | Gained mutation: Armour fits poorly on your strangely
                  | shaped body. [potion of mutation]
 14088 | Lair:3   | Gained mutation: Your body sometimes deteriorates upon
                  | taking damage. [potion of mutation]
 14088 | Lair:3   | Gained mutation: You have a pair of small horns on your
                  | head. [potion of mutation]
 14089 | Lair:3   | Lost mutation: You have a pair of small horns on your head.
                  | [potion of mutation]
 14089 | Lair:3   | Lost mutation: Your body sometimes deteriorates upon taking
                  | damage. [potion of mutation]
 14089 | Lair:3   | Lost mutation: Armour fits poorly on your strangely shaped
                  | body. [potion of mutation]
 14089 | Lair:3   | Gained mutation: You occasionally shout uncontrollably at
                  | your foes. [potion of mutation]
 14089 | Lair:3   | Gained mutation: Your magical capacity is low. (-10% MP)
                  | [potion of mutation]
 14089 | Lair:3   | Gained mutation: You are agile. (Dex +2) [potion of
                  | mutation]
 14090 | Lair:3   | Lost mutation: Your magical capacity is low. (-10% MP)
                  | [potion of mutation]
 14090 | Lair:3   | Lost mutation: You occasionally shout uncontrollably at
                  | your foes. [potion of mutation]
 14090 | Lair:3   | Gained mutation: You have large cloven feet. [potion of
                  | mutation]
 14090 | Lair:3   | Lost mutation: You are agile. (Dex +2) [potion of mutation]
 14090 | Lair:3   | Gained mutation: You have a pair of small horns on your
                  | head. [potion of mutation]
 14105 | Lair:3   | Lost mutation: You have large cloven feet. [potion of
                  | mutation]
 14105 | Lair:3   | Gained mutation: You are agile. (Dex +2) [potion of
                  | mutation]
 14105 | Lair:3   | Gained mutation: Your system is resistant to poisons.
                  | (rPois) [potion of mutation]
 14105 | Lair:3   | Lost mutation: You are agile. (Dex +2) [potion of mutation]
 14105 | Lair:3   | Gained mutation: Your flesh is cold resistant. (rC+)
                  | [potion of mutation]
 14500 | Lair:3   | Noticed an eight-headed hydra
 14504 | Lair:3   | Noticed an entropy weaver
 14504 | Lair:3   | an eight-headed hydra changed into an entropy weaver
 14521 | Lair:3   | Slain by an entropy weaver

Levels and vault maps discovered:
D:1:      psy_arrival_radial01, layout_loops_corners, minmay_tripent
D:2:      layout_basic, uniq_jessica
D:3:      layout_basic, first_ration, fedhas_altar_4, uniq_crazy_yiuf_cottage
D:4:      layout_basic, lemuel_round_altar, minmay_temple_entry_from_below_a
D:5:      layout_layer_cave, uniq_eustachio
D:6:      layout_loops_cross, serial_glass, glass_columns_b, glass_columns_a,
          glass_columns_c, glass_columns_b, glass_columns_b, glass_columns_c,
          serial_shops, shop
D:7:      layout_cave_pods, gammafunk_ghost_berserking_beasts,
          nrook_mini_backslash, grunt_ogre_cave, minmay_misc_feat_five
D:8:      layout_loops_ring, lair_entry_dummy, nemelex_diamond_rough_becter
D:9:      layout_loops_ring, hiddenorc2_lemuel, grunt_ministairs_15,
          kennysheep_small_square
D:10:     layout_irregular_city
Temple:   compressed_dpeg_triangle_lava_temple
Lair:1:   layout_chaotic_city, serial_bayou_shore_b, serial_bayou_shore_b
Lair:2:   layout_small_grid, nicolae_swamp_entry_splash_gauntlet, wad_woods_03,
          grunt_megastairs_2
Lair:3:   layout_loops_ring, grunt_forest_large_clearings

Skill      XL: |  1  2  3  4  5  6  7  8  9 10 11 12 |
---------------+-------------------------------------+-----
Stealth        | 1 2 3 4 5 6 8 9 11 12 | 12.6
Dodging        | 4 5 6 7 9 10 11 | 11.3
Short Blades   | 5 6 7 8 9 11 13 14 | 14.0
Fighting       | 3 4 5 6 8 9 10 | 10.3
Evocations     | 3 5 |  5.7
Throwing       | |  2.1

Action                   |  1- 3 |  4- 6 |  7- 9 | 10-12 || total
-------------------------+-------+-------+-------+-------++-------
Melee: Rapier            |    67 |    41 |       |    24 ||   132
       Dagger            |       |   110 |   422 |  1165 ||  1697
       Headbutt          |       |       |       |    27 ||    27
       Kick              |       |       |       |     6 ||     6
Throw: Throwing net      |       |       |       |     1 ||     1
Invok: Reject Sacrifices |       |       |       |     1 ||     1
Evoke: Wand              |       |       |       |    13 ||    13
  Use: Scroll            |       |     1 |       |     2 ||     3
       Potion            |       |       |       |     5 ||     5
 Stab: Sleeping          |     5 |     6 |    16 |    28 ||    55
       Distracted        |     1 |       |       |     2 ||     3
       Held in net/web   |       |       |       |     2 ||     2
  Eat: Chunk             |     9 |     7 |    11 |    23 ||    50
Armor: Leather armour    |    10 |    23 |    34 |    63 ||   130
Dodge: Dodged            |    46 |    91 |   243 |   777 ||  1157
Block: Other             |     1 |     5 |    15 |       ||    21

Table legend:
 A = Non-vault XP
 B = Vault XP
 C = Vault XP percentage of total XP
 D = Non-vault monster count
 E = Vault monster count
 F = Vault count percentage of total count
                 A         B        C        D         E       F
            +---------+---------+-------+---------+---------+-------
      Total |   16784 |    5527 |  24.8 |     251 |      69 |  21.6
            +---------+---------+-------+---------+---------+-------
        D:1 |      41 |       3 |   6.8 |      22 |       2 |   8.3
        D:2 |      36 |      37 |  50.7 |      21 |       1 |   4.5
        D:3 |     107 |      41 |  27.7 |      15 |       1 |   6.2
        D:4 |     242 |       0 |   0.0 |      12 |       0 |   0.0
        D:5 |     447 |     191 |  29.9 |      27 |       1 |   3.6
        D:6 |    1716 |       0 |   0.0 |      31 |       0 |   0.0
        D:7 |     781 |     122 |  13.5 |      10 |       1 |   9.1
        D:8 |    1008 |       0 |   0.0 |      20 |       0 |   0.0
        D:9 |    1700 |    1597 |  48.4 |      35 |      34 |  49.3
       D:10 |     664 |       0 |   0.0 |       5 |       0 |   0.0
     Lair:1 |    4939 |       0 |   0.0 |      25 |       0 |   0.0
     Lair:2 |    3165 |     404 |  11.3 |      17 |       2 |  10.5
     Lair:3 |    1938 |    3132 |  61.8 |      11 |      27 |  71.1
            +---------+---------+-------+---------+---------+-------
